 Dungeon Crawl Stone Soup version 0.30.1 (webtiles) character file.

Game seed: 12948614076417444260

4 boopmooplesden the Twirler (level 1, -2/12 HPs)
             Began as a Gargoyle Gladiator on July 11, 2023.
             Frozen to death by an endoplasm (4 damage)
             ... on level 1 of the Dungeon.
             The game lasted 00:00:11 (123 turns).

boopmooplesden the Twirler (Gargoyle Gladiator)      Turns: 123, Time: 00:00:11

Health: -2/12      AC:  6    Str: 17    XL:     1   Next: 60%
Magic:  1/1        EV: 12    Int:  8    God:
Gold:   7          SH:  0    Dex: 11    Spells: 0/0 levels left

rFire   . . .        a - +0 quarterstaff
rCold   . . .        (shield currently unavailable)
rNeg    + . .        b - +0 leather armour
rPois   ∞            c - +0 helmet
rElec   +            (no cloak)
rCorr   .            (no gloves)
SInv    .            (no boots)
Will    .....        (no amulet)
Stlth   +            (no ring)
HPRegen 0.22/turn    (no ring)
MPRegen 0.07/turn

%: no passive effects
@: no status effects
A: sickness immunity, AC +2, negative energy resistance 1, electricity
resistance, torment resistance 1, petrification resistance
a: no special abilities


You were on level 1 of the Dungeon.
You visited 1 branch of the dungeon, and saw 1 of its levels.

You collected 7 gold pieces.

Inventory:

Hand Weapons
 a - a +0 quarterstaff (weapon)
Missiles
 d - 3 throwing nets (quivered)
 e - a javelin
Armour
 b - a +0 leather armour (worn)
 c - a +0 helmet (worn)


   Skills:
 + Level 2.2 Fighting
 + Level 3.2 Staves
 + Level 1.7 Throwing
 + Level 2.4 Dodging


You couldn't memorise any spells.
You didn't know any spells.
Your spell library was empty.

Dungeon Overview and Level Annotations

Branches:
Dungeon (1/15)

Altars:


Innate Abilities, Weirdness & Mutations

You are immune to sickness and miasma.
Your stone body is resilient. (AC +2)
You are immune to poison.
You resist negative energy. (rN+)
You are resistant to electric shocks. (rElec)
You are resistant to unholy torment.
You are immune to petrification.


Message History

You closely miss the ball python.
The ball python bites you but does no damage.
The ball python barely misses you.
You barely miss the ball python. The ball python barely misses you.
The ball python grabs you. The ball python constricts you.
The frilled lizard closely misses you.
The ball python bites you but does no damage.
The ball python constricts you.
You barely miss the ball python. The frilled lizard barely misses you.
The ball python bites you. The ball python constricts you.
You closely miss the ball python. The frilled lizard closely misses you.
The ball python bites you but does no damage.
The ball python constricts you.
You barely miss the ball python. The ball python barely misses you.
The ball python constricts you. The frilled lizard bites you.
The ball python bites you.
* * * LOW HITPOINT WARNING * * *
The ball python constricts you.
You escape the ball python's grasp.
The frilled lizard closely misses you.
The frilled lizard attacks as you move away!
The frilled lizard bites you but does no damage.
The frilled lizard attacks as you move away!
The frilled lizard bites you but does no damage.
A kobold comes into view. It is wielding a +0 whip.
The kobold shouts!
You closely miss the frilled lizard.
An endoplasm comes into view.
The frilled lizard closely misses you.
The frilled lizard bites you but does no damage.
You closely miss the frilled lizard.
The endoplasm quivers.
The frilled lizard bites you.
* * * LOW HITPOINT WARNING * * *
You hit the frilled lizard.
You kill the frilled lizard!
You hit the ball python.
You kill the ball python!
The endoplasm freezes you.
You are frozen.
You die...

##### # #.... #. #.#.#
#.. #.#.. .#
..#####.#.###
........##.#... ###
.....##.##.#.#####.....
.....##.......†@JK.#
>.......##.#.#####.#
.###.##.##.#...
#.##.##.#.###
#.##.##.#..
##....##....
#..########## #..# ##
#..######


You could see an endoplasm and a kobold.

Vanquished Creatures
  A giant cockroach (D:1)
  A hobgoblin (D:1)
  A ball python (D:1)
  2 frilled lizards (D:1)
5 creatures vanquished.

Notes
Turn   | Place    | Note
-------+----------+-------------------------------------------
     0 | D:1      | boopmooplesden the Gargoyle Gladiator began the quest for
                  | the Orb.
     0 | D:1      | Reached XP level 1. HP: 12/12 MP: 1/1
   123 | D:1      | Frozen to death by an endoplasm

Illustrated notes

Levels and vault maps discovered:
D:1:      mrwooster_arrival_statue_3, layout_loops_ring, minmay_misc_feat_rows,
          lemuel_flame_loot_1

Action                     || total
---------------------------++-------
  Melee: Quarterstaff      ||    22
 Armour: Leather armour    ||    11
  Dodge: Dodged            ||    18
